Map: Frost LE

Players

RedNaxEla

  • Race: Zerg Zerg
  • League: Platinum

blackxored - Winner!

  • Race: Zerg Zerg
  • League: Diamond

VOD

Have the link to the VOD?

Description

Time

  • Played on: July 3, 2016, 7:46 p.m.
  • Length: 27:26
Show
View Real Time Build Order
Export as new Build Order

RedNaxEla Zerg 

Build Orders: Hatch First 

Get SALT Encoding   

  12  0:02  Drone  
  13  0:12  Overlord  
  13  0:19  Drone  
  14  0:22  Extractor  
  14  0:24  Drone  
  15  0:31  Drone  
  16  0:46  Drone  
  17  0:55  Hatchery  
  16  0:57  Drone  
  16  1:01  Drone  
  18  1:04  Extractor  
  18  1:07  Drone  
  18  1:20  Spawning Pool  
  18  1:25  Drone  
  18  1:36  Drone  
  19  1:41  Drone  
  20  1:49  Overlord  
  20  2:08  Metabolic Boost  
  20  2:09  Queen x2  
  20  2:11  Drone  
  25  2:21  Drone x2  
  27  2:29  Evolution Chamber  
  26  2:31  Evolution Chamber  
  26  2:36  Drone x2  
  27  2:42  Spine Crawler  
  27  2:51  Spine Crawler  
  27  2:56  Drone x2  
  27  2:57  Drone  
  29  3:01  Lair  
  29  3:11  Roach Warren  
  28  3:14  Drone  
  28  3:16  Drone  
  28  3:18  Drone  
  31  3:22  Zergling x2  
  31  3:23  Zergling x2  
  31  3:26  Zergling x2  
  34  3:28  Zergling x2  
  35  3:39  Overlord  
  35  3:52  Drone  
  35  3:53  Zerg Missile Weapons Level 1  
  35  3:55  Overlord  
  36  3:57  Queen  
  36  3:59  Roach x2  
  42  4:10  Roach  
  42  4:15  Overlord  
  44  4:18  Roach x3  
  50  4:31  Drone  
  50  4:32  Drone  
  52  4:42  Roach x2  
  56  4:46  Hatchery  
  55  5:02  Drone  
  55  5:03  Overlord x2, Drone x3  
  55  5:04  Overlord  
  59  5:18  Overlord x2  
  59  5:24  Glial Reconstitution  
  59  5:25  Drone x3  
  59  5:26  Drone  
  61  5:45  Extractor  
  61  5:46  Extractor  
  61  5:48  Roach x4  
  67  6:05  Zergling x6  
  67  6:06  Zergling x4  
  72  6:12  Drone  
  72  6:35  Roach x3  
  72  6:36  Roach x2  
  79  6:41  Queen  
  79  6:43  Drone x3  
  74  6:51  Roach x2  
  72  6:56  Drone x2  
  72  6:57  Drone x3  
  78  7:01  Drone  
  78  7:10  Roach x3  
  79  7:23  Roach x6  
  81  7:34  Roach x3  
  81  7:35  Roach  
  89  8:00  Roach x5  
  89  8:08  Ravager  
  89  8:12  Roach x2  
  94  8:13  Roach x2  
  94  8:24  Extractor  
  94  8:26  Extractor  
  88  8:31  Spore Crawler  
  88  8:33  Spore Crawler x2  
  88  8:34  Drone x6  
  86  8:40  Spore Crawler  
  83  8:43  Hydralisk Den, Spore Crawler  
  63  8:56  Spore Crawler  
  63  8:57  Spore Crawler  
  63  9:02  Spore Crawler  
  60  9:03  Spore Crawler  
  60  9:05  Zerg Missile Weapons Level 2  
  60  9:06  Spore Crawler, Zerg Ground Armor Level 1  
  60  9:08  Roach  
  60  9:09  Roach x4  
  56  9:24  Roach x4  
  56  9:25  Roach x3  
  56  9:29  Drone  
  56  9:30  Drone x4  
  73  9:42  Roach x2  
  73  9:43  Roach x2  
  80  9:49  Spore Crawler  
  80  9:51  Spore Crawler  
  80  9:52  Spore Crawler x2  
  76  9:55  Hydralisk x4  
  84  10:03  Spore Crawler  
  84  10:05  Spore Crawler  
  82  10:17  Hydralisk  
  82  10:20  Overlord x3  
  52  10:38  Hydralisk x3  
  52  10:39  Hydralisk x4  
  60  10:43  Roach x2  
  64  11:00  Spore Crawler  
  64  11:04  Spore Crawler x2  
  62  11:09  Roach  
  62  11:10  Roach x6  
  62  11:11  Roach  
  65  11:31  Hydralisk x3  
  71  11:36  Overlord  
  69  12:07  Drone x4  
  73  12:10  Hatchery  
  72  12:19  Muscular Augments  
  72  13:01  Drone  
  72  13:02  Drone x11  
  72  13:05  Spore Crawler  
  82  13:15  Infestation Pit  
  82  13:18  Drone x3  
  81  13:38  Hydralisk x2  
  75  13:55  Hatchery  
  75  14:02  Hatchery  
  74  14:17  Lurker Den  
  74  14:22  Drone x2  
  74  14:23  Drone  
  77  14:44  Overlord x2  
  77  14:58  Overlord x2  
  78  15:07  Drone x3  
  79  15:44  Lurker  
  79  15:45  Lurker  
  79  15:46  Lurker x2  
  79  15:47  Lurker  
  79  15:48  Lurker  
  85  16:00  Roach x10  
  105  16:17  Zerg Ground Armor Level 2  
  105  16:34  Hatchery  
  105  16:36  Extractor x2  
  105  16:38  Hydralisk  
  105  16:39  Hydralisk x2  
  108  16:45  Queen  
  110  16:56  Overlord  
  110  16:57  Overlord  
  104  17:19  Hydralisk  
  104  17:20  Hydralisk x4  
  72  17:31  Hydralisk x2  
  70  17:51  Lurker x2  
  72  17:52  Lurker  
  72  17:53  Lurker  
  72  17:54  Hydralisk x2  
  72  17:55  Hydralisk  
  80  18:08  Drone  
  80  18:09  Drone x4  
  85  18:25  Drone  
  85  18:26  Drone x5  
  91  18:31  Hydralisk  
  93  18:40  Drone x2  
  93  18:41  Drone  
  96  18:55  Spore Crawler, Drone x5  
  100  19:05  Hydralisk x3  
  106  19:13  Hive  
  104  19:30  Drone x2  
  104  19:31  Drone  
  106  19:32  Drone x3  
  106  19:33  Hydralisk x3  
  116  19:38  Lurker x2  
  117  20:02  Lurker x2  
  117  20:03  Hydralisk x5, Lurker  
  117  20:04  Hydralisk  
  132  20:15  Queen  
  132  20:17  Extractor, Drone x3  
  132  20:18  Extractor  
  135  20:38  Overlord x3  
  135  20:39  Overlord x3  
  135  20:43  Zerg Missile Weapons Level 3  
  135  21:02  Roach x2  
  139  21:18  Hydralisk x4  
  138  21:19  Hydralisk x4  
  138  21:21  Roach  
  156  21:36  Roach  
  156  21:37  Roach x6  
  148  21:54  Roach  
  148  21:55  Roach x7  
  154  22:09  Roach x2  
  154  22:10  Roach  
  160  22:17  Hatchery  
  159  22:26  Roach x6  
  156  23:00  Hydralisk  
  156  23:01  Hydralisk x10  
  172  23:21  Roach  
  172  23:22  Roach x3  
  158  23:35  Roach  
  158  23:36  Roach x7  
  174  24:06  Lurker x2  
  174  24:07  Lurker x8  
  182  24:19  Overlord x2  
  182  24:20  Overlord x2  
  134  24:57  Roach x12  
  134  24:58  Roach x2  
  106  25:31  Hydralisk x2  
  106  25:32  Hydralisk x7  
  124  25:37  Queen  
  126  25:51  Drone  
  126  25:52  Drone x6  
  128  26:08  Lurker x5  
  126  26:20  Hydralisk x3  
  126  26:35  Hydralisk x2  
  128  26:49  Hydralisk x3  
  122  27:01  Hydralisk x2  
Show
View Real Time Build Order
Export as new Build Order

blackxored Zerg - Winner!

Build Orders: Hatch First 

Get SALT Encoding   

  12  0:01  Drone  
  13  0:08  Drone  
  14  0:18  Overlord  
  14  0:23  Extractor  
  14  0:24  Drone  
  15  0:39  Drone x2  
  17  0:53  Hatchery  
  17  0:56  Drone  
  17  0:59  Drone  
  18  1:11  Extractor  
  18  1:16  Spawning Pool  
  17  1:18  Drone  
  17  1:22  Drone  
  18  1:27  Drone  
  19  1:45  Overlord  
  19  1:51  Drone  
  20  2:02  Queen  
  20  2:03  Zergling x2  
  20  2:05  Zergling x2, Queen  
  26  2:09  Spine Crawler  
  26  2:11  Drone  
  26  2:20  Metabolic Boost  
  26  2:27  Zergling x4  
  26  2:28  Zergling x2  
  29  2:42  Drone  
  29  2:43  Drone x2  
  32  2:50  Baneling Nest  
  31  2:53  Drone x2  
  32  3:14  Drone x3  
  32  3:15  Overlord x2  
  35  3:33  Lair  
  35  3:46  Drone x9  
  44  3:53  Baneling x2  
  44  3:57  Drone x2  
  45  4:13  Drone  
  45  4:14  Evolution Chamber  
  45  4:26  Zergling x4  
  45  4:27  Zergling x8  
  45  4:30  Hatchery  
  50  4:38  Pneumatized Carapace  
  50  4:40  Drone  
  50  4:41  Extractor, Drone  
  51  4:45  Extractor  
  51  4:46  Drone  
  51  4:47  Extractor  
  50  4:56  Spore Crawler, Drone  
  50  4:59  Spore Crawler  
  49  5:00  Drone  
  49  5:02  Drone  
  51  5:10  Zerg Melee Weapons Level 1  
  51  5:13  Overlord  
  51  5:14  Overlord  
  51  5:22  Overlord x3  
  50  5:41  Drone  
  50  5:42  Spire  
  51  5:51  Zergling x20  
  61  5:59  Spine Crawler  
  60  6:06  Zergling x10  
  65  6:11  Spine Crawler  
  65  6:13  Zergling x2  
  65  6:14  Zergling x6  
  68  6:23  Zergling x4  
  68  6:24  Zergling x4  
  67  6:27  Queen  
  67  6:28  Queen  
  68  6:40  Zergling x10  
  63  6:48  Zergling x4  
  65  6:56  Zergling x2  
  65  6:57  Zergling x2  
  67  7:07  Drone  
  67  7:08  Drone  
  69  7:16  Zergling x4  
  69  7:21  Zergling x4  
  69  7:22  Zergling x2  
  66  7:27  Hatchery  
  66  7:29  Zergling x2  
  56  7:37  Zergling x2  
  55  7:40  Mutalisk  
  55  7:41  Mutalisk  
  59  7:44  Mutalisk x2  
  59  7:46  Mutalisk  
  65  7:51  Mutalisk  
  65  7:52  Mutalisk  
  69  8:02  Zergling x2  
  69  8:04  Mutalisk  
  69  8:05  Mutalisk x2  
  71  8:10  Zergling x2  
  68  8:13  Mutalisk  
  70  8:25  Mutalisk  
  72  8:27  Zergling x8  
  72  8:33  Zergling x8  
  79  8:46  Zergling x4  
  79  8:57  Zergling x4  
  80  9:04  Mutalisk x2  
  80  9:05  Hatchery  
  80  9:09  Zerg Flyer Weapons Level 1  
  83  9:16  Drone  
  84  9:23  Overlord x2  
  83  9:24  Hatchery  
  82  9:34  Zergling x2  
  82  9:37  Overlord x3  
  83  9:39  Zerg Melee Weapons Level 2  
  78  9:48  Mutalisk x3  
  80  9:56  Zergling x6  
  80  9:57  Zergling x6  
  86  10:00  Queen x2  
  90  10:07  Zergling x2  
  90  10:13  Zergling x4  
  90  10:14  Zergling x10  
  96  10:33  Zergling x10  
  94  10:36  Queen  
  94  10:38  Drone x2  
  98  10:46  Drone x3  
  98  10:47  Drone x5  
  96  11:12  Queen  
  96  11:18  Zergling x28  
  89  11:39  Infestation Pit, Drone x2  
  90  11:40  Roach Warren  
  90  11:43  Zergling x8  
  89  11:53  Mutalisk  
  91  11:57  Zergling x8  
  95  12:04  Evolution Chamber  
  95  12:08  Zerg Ground Armor Level 1  
  95  12:15  Drone x2  
  95  12:16  Drone  
  88  12:49  Zergling x24  
  99  12:56  Drone x2  
  100  13:16  Hive  
  100  13:22  Drone x5  
  100  13:25  Extractor  
  104  13:28  Extractor  
  95  13:54  Drone x3  
  95  13:55  Drone x3  
  99  13:58  Zergling x22  
  112  14:17  Overlord x3  
  112  14:22  Extractor  
  111  14:49  Zergling x34  
  124  15:03  Ultralisk Cavern  
  117  15:28  Zergling x24  
  125  15:41  Drone  
  126  15:43  Drone x3  
  129  15:52  Chitinous Plating  
  129  15:53  Ultralisk  
  129  15:54  Overlord x2  
  135  15:58  Overseer  
  135  16:05  Adrenal Glands  
  135  16:18  Ultralisk x2  
  147  16:19  Overlord x3  
  147  16:22  Hatchery  
  127  16:36  Ultralisk x3  
  144  16:57  Nydus Network  
  144  16:59  Ultralisk x2  
  144  17:00  Zergling x2  
  144  17:01  Zergling x10  
  146  17:16  Overseer x2  
  146  17:21  Zergling x2  
  146  17:22  Zergling x22  
  144  17:36  Viper x4  
  151  17:43  Drone  
  151  17:44  Drone x2  
  157  17:46  Extractor  
  157  17:47  Drone  
  157  17:51  Overseer  
  157  17:58  Ultralisk  
  163  18:10  Zergling x2  
  163  18:11  Zergling x26  
  177  18:28  Overseer  
  177  18:29  Zergling x4  
  177  18:30  Zergling x6  
  182  18:36  Overlord x3  
  182  18:42  Nydus Canal  
  182  18:56  Nydus Canal  
  182  19:12  Drone x14  
  182  19:15  Extractor  
  187  19:36  Ultralisk  
  176  20:02  Ultralisk x3  
  194  20:07  Overlord x2  
  194  20:08  Overlord  
  194  20:13  Queen  
  196  20:17  Drone x2  
  196  20:19  Extractor, Drone  
  196  20:32  Viper  
  199  20:51  Zerg Melee Weapons Level 3  
  199  20:52  Zerg Ground Armor Level 2  
  199  21:20  Overlord x2  
  182  21:50  Drone x2  
  182  21:54  Zergling x32  
  199  22:26  Greater Spire  
  199  22:42  Baneling  
  177  23:01  Zergling x2  
  177  23:02  Zergling x42  
  175  23:20  Extractor, Hatchery  
  175  23:22  Extractor  
  129  23:42  Ultralisk x3  
  129  23:43  Ultralisk x5  
  129  23:44  Ultralisk  
  129  23:45  Viper  
  129  23:46  Viper x3  
  200  23:57  Corruptor  
  200  23:58  Corruptor x5  
  200  23:59  Corruptor  
  169  24:27  Overseer x3  
  118  25:03  Brood Lord x2  
  118  25:04  Brood Lord x4  
  130  25:16  Mutalisk x4  
  130  25:18  Zergling x2  
  130  25:19  Zergling x58  
  168  25:45  Corruptor  
  170  25:51  Hatchery  
  170  25:54  Extractor  
  166  26:07  Hatchery  
  166  26:08  Extractor  
  166  26:09  Extractor  
  160  26:48  Brood Lord  
Tags
 
Add a new tag
Caveats
  • Supply blocks, unpowered buildings, or Contaminate may cause inaccurate times.
  • Supply counts are checked every 10 seconds.